 Dungeon Crawl Stone Soup version 0.30-a0-242-g7bf8e6d787 (webtiles) character file.

Game seed: 18421263714501744071

21 Sobieck the Trooper (level 2, 0/31 HPs)
             Began as an Ogre Gladiator on Oct 11, 2022.
             Slain by a frilled lizard (1 damage)
             ... on level 2 of the Dungeon.
             The game lasted 00:01:02 (731 turns).

Sobieck the Trooper (Ogre Gladiator)                 Turns: 731, Time: 00:01:03

Health: 0/31       AC:  3    Str: 17    XL:     2   Next: 83%
Magic:  2/2        EV: 10    Int:  9    God:
Gold:   7          SH:  0    Dex: 10    Spells: 1/1 levels left

rFire   . . .      SeeInvis .    a - +0 flail {mace}
rCold   . . .      Faith    .    (no shield)
rNeg    . . .      Spirit   .    b - +0 robe
rPois   .          Reflect  .    c - +0 hat
rElec   .          Harm     .    (no cloak)
rCorr   +          Rampage  .    (gloves unavailable)
Will    .....                    (boots unavailable)
Stlth   +.........               (no amulet)
HPRegen 0.25/turn                f - ring of resist corrosion
MPRegen 0.08/turn                (no ring)

@: lethally poisoned (0 -> -5)
A: large, unfitting armour, tough skin 1
a: no special abilities


You were on level 2 of the Dungeon.
You visited 1 branch of the dungeon, and saw 2 of its levels.

You collected 7 gold pieces.


Innate Abilities, Weirdness & Mutations

You are too large for most types of armour.
You have tough skin. (AC +1)


   Skills:
 + Level 3.6 Fighting
 + Level 3.2 Maces & Flails
 - Level 2.0 Throwing
 - Level 2.6 Dodging


You had one spell level left.
You didn't know any spells.
Your spell library contained the following spells:

 Spells                   Type           Power      Damage    Failure   Level
 Cigotuvi's Dreadful Rot  Necr/Pois/Air  0%         N/A       52%         2
 Poisonous Vapours        Pois/Air       0%         N/A       52%         2
 Mephitic Cloud           Conj/Pois/Air  0%         N/A       77%         3

Inventory:

Hand Weapons
 a - a +0 flail (weapon) {mace}
Missiles
 d - 3 throwing nets (quivered) {=f!fthrowing}
 e - a large rock {=fthrowing}
 m - 5 poisoned darts {throwing}
Armour
 b - a +0 robe (worn)
 c - a +0 hat (worn)
 i - a +0 crystal plate armour {rare=g}
   (You found it on level 1 of the Dungeon)
Jewellery
 f - a ring of resist corrosion (left hand)
   (You found it on level 1 of the Dungeon)
Scrolls
 h - a scroll of silence {unknown}
 j - a scroll of teleportation {unknown}
 k - 2 scrolls of identify {unknown}
Potions
 g - 2 potions of heal wounds {unknown}
 l - a potion of berserk rage {unknown}

Dungeon Overview and Level Annotations

Branches:
Dungeon (2/15) Zot: 11252

Altars:

#......<#.#
#.#.###.#.#
...#.#.#
.>#.#.# #
..#.#.#
#?###.#.#.#
.......#.#
#.##..###.###
#....KS@l...#
#....####....#
#..# ......#
#. .#....# #?
....# #l ....#
.. ....# ...#


You could see an adder, a kobold and a frilled lizard.


Message History

You hit the bat.
You kill the bat!
No target in view!
No target in view!
A ball python comes into view.
Danger!
You closely miss the ball python.
The ball python bites you but does no damage.
You thump the ball python!
You kill the ball python!
No target in view!
No target in view!
You see here a ball python corpse.
A frilled lizard comes into view.
Danger!
A rat comes into view.
The frilled lizard hisses angrily.
The rat closely misses you.
You hit the rat.
You kill the rat!
You hit the frilled lizard. The frilled lizard bites you.
The frilled lizard closely misses you.
You thump the frilled lizard!
You kill the frilled lizard!
No target in view!
Done exploring.
Done exploring.
(D) Dungeon
Where to? (? - help)
There is a stone staircase leading down here.
You climb downwards.
There is a stone staircase leading up here.
Unknown command.
Unknown command.
You open the door.
A bat comes into view.
Danger!
A bat is nearby!
There is an open door here.
The bat closely misses you. The bat barely misses you.
The bat closely misses you.
You see here a +0 leather armour.
You thump the bat!
You kill the bat!
No target in view!
No target in view!
You open the door.
There is an open door here.
A frilled lizard and a kobold come into view.
The frilled lizard hisses angrily.
The kobold shouts!
An adder comes into view.
Danger!
The kobold throws a stone.
The stone hits you.
Found a stone staircase leading down.
The adder hisses angrily.
You miss the kobold. The kobold hits you with a +0 dagger.
You closely miss the kobold. The kobold barely misses you.
The frilled lizard bites you but does no damage.
The adder bites you but does no damage.
Unknown command.
You closely miss the adder.
The frilled lizard bites you but does no damage.
The adder barely misses you.
You miss the adder. The adder closely misses you.
The frilled lizard bites you but does no damage.
The adder bites you.
You are poisoned.
The adder poisons you! The frilled lizard barely misses you.
You closely miss the adder.
You feel sick. The adder bites you.
The frilled lizard bites you but does no damage.
Unknown command.
You closely miss the adder.
You feel sick. The adder bites you. The frilled lizard bites you.
* * * LOW HITPOINT WARNING * * *
The adder closely misses you.
You closely miss the adder.
You feel sick. The adder bites you.
* * * LOW HITPOINT WARNING * * *
The frilled lizard bites you but does no damage.
The adder barely misses you.
Unknown command.
You hit the adder.
You feel sick.
You are no longer poisoned.
The frilled lizard barely misses you. The adder bites you but does no damage.
The frilled lizard bites you.
* * * LOW HITPOINT WARNING * * *
You barely miss the adder. The adder closely misses you. The adder bites you.
* * * LOW HITPOINT WARNING * * *
The frilled lizard bites you.
* * * LOW HITPOINT WARNING * * *
Unknown command.
You barely miss the adder. The adder closely misses you.
The frilled lizard closely misses you. The adder bites you.
* * * LOW HITPOINT WARNING * * *
You are lethally poisoned!
The adder poisons you!
You hit the adder.
* * * LOW HITPOINT WARNING * * *
You feel sick. The frilled lizard bites you.
You die...

Skill      XL: |  1  2 |
---------------+-------+-----
Fighting       | 3 |  3.6
Maces & Flails | 3 |  3.2
Throwing       | |  2.0
Dodging        | |  2.6

Action                   || total
-------------------------++-------
Melee: Flail             ||    67
Armor: Robe              ||    28
Dodge: Dodged            ||    54

Levels and vault maps discovered:
D:1:      minmay_arrival_solitary_statue, layout_loops_cross
D:2:      layout_basic, minmay_ruptured

Notes
Turn   | Place    | Note
-------+----------+-------------------------------------------
     0 | D:1      | Sobieck the Ogre Gladiator began the quest for the Orb.
     0 | D:1      | Reached XP level 1. HP: 22/22 MP: 1/1
    38 | D:1      | Reached skill level 3 in Fighting
    53 | D:1      | Reached XP level 2. HP: 13/31 MP: 2/2
   136 | D:1      | Reached skill level 3 in Maces & Flails
   186 | D:1      | You pick up a book of Vapours and begin reading...
   186 | D:1      | You add the spells Poisonous Vapours, Cigotuvi's Dreadful
                  | Rot and Mephitic Cloud to your library.
   237 | D:1      | Identified a +0 crystal plate armour
   238 | D:1      | i - a +0 crystal plate armour {rare=g}
   729 | D:2      | HP: 7/31 [adder (3)]
   730 | D:2      | HP: 2/31 [adder (2)]
   731 | D:2      | Slain by a frilled lizard

Vanquished Creatures
  An endoplasm (D:1)
  A hobgoblin (D:1)
  3 jackals (D:1)
  2 kobolds (D:1)
  A quokka (D:1)
  2 ball pythons (D:1)
  3 bats
  2 frilled lizards (D:1)
  3 goblins (D:1)
  2 rats (D:1)
20 creatures vanquished.

Table legend:
 A = Non-vault XP
 B = Vault XP
 C = Vault XP percentage of total XP
 D = Non-vault monster count
 E = Vault monster count
 F = Vault count percentage of total count
                 A         B        C        D         E       F
            +---------+---------+-------+---------+---------+-------
      Total |      30 |       0 |   0.0 |      20 |       0 |   0.0
            +---------+---------+-------+---------+---------+-------
        D:1 |      28 |       0 |   0.0 |      19 |       0 |   0.0
        D:2 |       2 |       0 |   0.0 |       1 |       0 |   0.0
            +---------+---------+-------+---------+---------+-------

Illustrated notes

Table legend:
 A = Kills in this place as a percentage of kills in entire the game.
 B = Kills by you in this place as a percentage of kills by you in the entire game.
 C = Kills by friends in this place as a percentage of kills by friends in the entire game.
 D = Other kills in this place as a percentage of other kills in the entire game.
 E = Experience gained in this place as a percentage of experience gained in the entire game.
 F = Experience gained in this place divided by the number of levels of this place that you have seen.
                   A       B       C       D       E      F
               +-------+-------+-------+-------+-------+----------------------
         Total | 100.0 | 100.0 |   N/A |   N/A | 100.0 |  15.0
       Dungeon | 100.0 | 100.0 |   N/A |   N/A | 100.0 |  15.0
               +-------+-------+-------+-------+-------+----------------------

Table legend: (Time is in decaauts)
 A = Elapsed time spent in this place.
 B = Non-inter-level travel time spent in this place.
 C = Inter-level travel time spent in this place.
 D = Time resting spent in this place.
 E = Time spent auto-exploring this place.
 F = Levels seen in this place.
 G = Mean time per level.
                   A        B        C        D        E       F      G
               +--------+--------+--------+--------+--------+-----+--------+
         Total |    746 |    726 |     20 |     62 |    513 |   2 |  373.0 |
       Dungeon |    746 |    726 |     20 |     62 |    513 |   2 |  373.0 |
               +--------+--------+--------+--------+--------+-----+--------+

Top non-repeatable levels by time:
     D:1: 709 daAuts
     D:2: 37 daAuts
